 Dungeon Crawl Stone Soup version 0.24.0-1-gfbc8707122 (webtiles) character file.

Game seed: 14171644683915911546, levelgen mode: deterministic

190138 Monsterracer the Black Belt (level 17, -4/131 HPs)
             Began as a Vampire Arcane Marksman on Oct 26, 2019.
             Was the Champion of Ru.
             Slain by a ghostly deep elf death mage
             ... wielding a +0 long sword
              (6 damage)
             ... on level 1 of the Elven Halls on Oct 27, 2019.
             The game lasted 01:24:34 (39669 turns).

Monsterracer the Black Belt (VpAM)                 Turns: 39669, Time: 01:24:35

Health: -4/131     AC: 18    Str: 11    XL:     17   Next: 53%
Magic:  26/28      EV: 14    Int: 18    God:    Ru [******]
Gold:   1004       SH:  7    Dex: 16    Spells: 10/31 levels left

rFire    x . .     SeeInvis +     - Unarmed
rCold    + . .     Gourm    .   B - +0 shield
rNeg     . . .     Faith    .   A - +0 swamp dragon scales
rPois    +         Spirit   .   a - +2 helmet
rElec    .         Reflect  .   L - +1 cloak {rPois}
rCorr    .         Harm     .   C - +2 pair of gloves {Str+3}
MR       +....                  P - +2 pair of boots {Fly}
Stlth    ..........             c - amulet of the acrobat
HPRegen  0.51/turn              v - +5 ring of evasion
MPRegen  0.21/turn              K - ring of ice

@: exhausted, flying, regenerating quickly, extremely drained
A: no food, fangs 3, see invisible, screaming 1, weak 2, unbreathing, no
stealth, inability to use devices, inexperienced 1, missing an eye
}: 1/15 runes: gossamer
a: Exsanguinate, Draw Out Power, Power Leap, Apocalypse, Renounce Religion


You were on level 1 of the Elven Halls.
You worshipped Ru.
Ru was exalted by your worship.
You were alive.

You visited 8 branches of the dungeon, and saw 31 of its levels.
You also visited: Ossuary, Bailey, Ice Cave and Volcano.

You collected 3197 gold pieces.
You spent 2193 gold pieces at shops.

Inventory:

Hand Weapons
 b - the +3 Elemental Staff {rElec rF++ rC++ MR++ AC+5, !a}
   (You found it in an ice cave)

   It affects your AC (+5).
   It greatly protects you from fire.
   It greatly protects you from cold.
   It insulates you from electricity.
   It affects your resistance to hostile enchantments.
Missiles
 u - 9 throwing nets (quivered) {!f}
Armour
 a - a +2 helmet (worn)
   (You took it off Robin on level 1 of the Dungeon)
 A - +0 swamp dragon scales (worn)
   (You found it on level 1 of the Lair of Beasts)
 B - a +0 shield (worn)
   (You found it on level 7 of the Dungeon)
 C - a +2 pair of gloves of strength (worn)
   (You acquired it on level 11 of the Dungeon)
 J - a +3 ring mail of fire resistance
   (You found it in a volcano)
 L - a +1 cloak of poison resistance (worn)
   (You acquired it on level 2 of the Orcish Mines)
 P - a +2 pair of boots of flying (worn)
   (You found it on level 4 of the Dungeon)
Jewellery
 c - an amulet of the acrobat (around neck)
   (You found it on level 4 of the Dungeon)
 n - a +6 ring of strength
   (You found it on level 1 of the Dungeon)
 v - a +5 ring of evasion (left hand)
   (You found it on level 7 of the Dungeon)
 F - an uncursed ring of wizardry
   (You found it on level 3 of the Lair of Beasts)
 K - a ring of ice (right hand)
   (You took it off an orc wizard on level 12 of the Dungeon)
 M - an uncursed ring of positive energy
   (You took it off a kobold in a bailey)
Scrolls
 f - a scroll of identify
 m - 6 scrolls of magic mapping
 o - 6 scrolls of amnesia
 p - 3 scrolls of fog
 r - 13 scrolls of remove curse
 s - 3 scrolls of summoning {!r}
 t - 14 scrolls of teleportation {!r}
 D - 5 scrolls of fear {!r}
 G - 2 scrolls of immolation {!r}
 Q - a scroll of silence
 X - 7 scrolls of blinking
Potions
 d - 6 potions of heal wounds
 e - 14 potions of curing
 g - a potion of agility
 h - 7 potions of haste
 i - 6 potions of ambrosia {!q}
 j - 4 potions of might
 k - 4 potions of lignification
 q - 5 potions of cancellation
 x - 2 potions of magic
 y - 4 potions of resistance
 z - a potion of brilliance
 E - 8 potions of flight
 I - 3 potions of berserk rage {!q}
 N - a potion of mutation {!q}
 O - 2 potions of invisibility


   Skills:
 + Level 11.4(1.6) Fighting
 - Level 1.5(0.0) Throwing
 + Level 9.1(0.0) Armour
 + Level 13.5(3.1) Dodging
 + Level 10.6(0.9) Shields
 * Level 18.5(7.0) Unarmed Combat
 + Level 7.6(0.0) Spellcasting
 + Level 10.5(0.8) Hexes
 + Level 8.5(0.0) Summonings


You had 10 spell levels left.
You knew the following spells:

 Your Spells              Type           Power        Failure   Level  Hunger
a - Confusing Touch       Hex            #.....       94%         1    N/A
b - Summon Mana Viper     Hex/Summ       #.......     100%        5    N/A
c - Invisibility          Hex            #.......     100%        6    N/A
f - Summon Ice Beast      Ice/Summ       #.......     100%        4    N/A
j - Regeneration          Chrm/Necr      #.........   100%        3    N/A
v - Summon Butterflies    Summ           #.......     98%         1    N/A
z - Apportation           Tloc           #.....       98%         1    N/A

Your spell library contained the following spells:

 Spells                   Type           Power        Failure   Level  Hunger
 Corona                   Hex            #......      94%         1    N/A
 Animate Skeleton         Necr           N/A          98%         1    N/A
 Flame Tongue             Conj/Fire      #....        98%         1    N/A
 Magic Dart               Conj           #...         98%         1    N/A
 Pain                     Necr           #...         98%         1    N/A
 Shock                    Conj/Air       #...         98%         1    N/A
 Sting                    Conj/Pois      #...         98%         1    N/A
 Summon Small Mammal      Summ           #...         98%         1    N/A
 Slow                     Hex            #.......     98%         2    N/A
 Searing Ray              Conj           #.....       99%         2    N/A
 Call Canine Familiar     Summ           #.......     100%        3    N/A
 Dazzling Spray           Conj/Hex       #.....       100%        3    N/A
 Inner Flame              Hex/Fire       #.......     100%        3    N/A
 Lesser Beckoning         Tloc           #.........   100%        3    N/A
 Portal Projectile        Hex/Tloc       #.....       100%        3    N/A
 Tukima's Dance           Hex            #.......     100%        3    N/A
 Vampiric Draining        Necr           #.........   100%        3    N/A
 Animate Dead             Necr           N/A          100%        4    N/A
 Cause Fear               Hex            #.........   100%        4    N/A
 Force Lance              Conj/Tloc      #.......     100%        4    N/A
 Fulminant Prism          Conj/Hex       #.........   100%        4    N/A
 Iskenderun's Mystic Bla  Conj           #.......     100%        4    N/A
 Leda's Liquefaction      Hex/Erth       #.........   100%        4    N/A
 Sticky Flame             Conj/Fire      #.......     100%        4    N/A
 Alistair's Intoxication  Tmut/Pois      #.......     100%        5    N/A
 Lightning Bolt           Conj/Air       #.........   100%        5    N/A
 Summon Hydra             Summ           #.........   100%        7    N/A

Dungeon Overview and Level Annotations

Branches:
Dungeon (15/15)            Temple (1/1) D:6            Lair (6/6) D:11
 Shoals (1/4) Lair:4       Spider (4/4) Lair:3        Slime (0/5) Lair:5
    Orc (2/2) D:12            Elf (1/3) Orc:2        Vaults (1/5) D:13
 Depths (0/5) D:15        Ossuary (visited)          Bailey (visited)
  IceCv (visited)         Volcano (visited)

Altars:
Ashenzari
Cheibriados
Dithmenos
Elyvilon
Fedhas
Gozag
Hepliaklqana
Kikubaaqudgha
Makhleb
Nemelex Xobeh
Okawaru
Qazlal
Ru
Sif Muna
Trog
Uskayaw
Vehumet
Wu Jian
Xom
Yredelemnul
Zin
The Shining One

Shops:
D:5 (   D:11 (   D:12 (   Orc:2 [}!?   Elf:1 (!   Shoals:1 =

Portals:
Pandemonium: Orc:2

Annotations:
D:5 Prince Ribbit
Lair:2 exclusion: 3 oklob plants
Lair:4 Kaerusk's ghost, adept KoBe


Innate Abilities, Weirdness & Mutations

You do not eat.
Your natural rate of healing is unusually fast.
You have razor-sharp teeth.
You have supernaturally acute eyesight. (SInv)
You occasionally shout uncontrollably at your foes.
You are very weak. (Str -4)
You can survive without breathing.
You cannot be stealthy.
You cannot study or use magical devices.
You are somewhat inexperienced. (-2 XL)
You are missing an eye, making it more difficult to aim.


Message History

The deep elf death mage beckons forth a restless soul!
You closely miss the deep elf death mage.
The deep elf death mage is stunned by your will and fails to attack.
You punch the deep elf death mage!
The deep elf death mage is lightly wounded.
The deep elf death mage misses you.
You barely miss the deep elf death mage.
The deep elf death mage is lightly wounded.
The deep elf death mage hits you but does no damage.
The deep elf death mage beckons forth a restless soul!
You see here a +0 short sword.
The deep elf death mage begins to cast a spell, but is stunned by your will!
You see here a +0 short sword.
You miss the deep elf death mage. You bite the deep elf death mage.
The deep elf death mage is moderately wounded.
You redirect the deep elf death mage's attack!
The deep elf death mage hits you but does no damage.
You hit the deep elf death mage. You bite the deep elf death mage.
The deep elf death mage is moderately wounded.
You miss the deep elf death mage.
Your bite misses the deep elf death mage.
The deep elf death mage is moderately wounded.
You block the deep elf death mage's attack.
You hit the deep elf death mage but do no damage.
Your bite misses the deep elf death mage.
The deep elf death mage is moderately wounded.
The deep elf death mage completely misses you.
You punch the deep elf death mage!
The deep elf death mage is heavily wounded.
The deep elf death mage begins to cast a spell, but is stunned by your will!
You punch the deep elf death mage!
The deep elf death mage is heavily wounded.
Your shield and swamp dragon scales prevent you from hitting the deep elf death mage.
The deep elf death mage is heavily wounded.
The deep elf death mage misses you.
You punch the deep elf death mage!
The deep elf death mage is severely wounded.
The deep elf death mage casts a spell at you.
The bolt of negative energy misses you.
Aiming: Power Leap
Press: ? - help, Dir - move target cursor You destroy the lost soul!
The lost soul assumes the form of the deep elf death mage and becomes anchored to this world!
The ghostly deep elf death mage completely misses you.
You hit the ghostly deep elf death mage but do no damage.
The ghostly deep elf death mage hits you with a +0 long sword!
You punch the ghostly deep elf death mage!
The ghostly deep elf death mage is moderately damaged.
You closely miss the ghostly deep elf death mage.
Your bite misses the ghostly deep elf death mage.
The ghostly deep elf death mage is moderately damaged.
The ghostly deep elf death mage hits you with a +0 long sword.
You hit the ghostly deep elf death mage.
The ghostly deep elf death mage is moderately damaged.
The ghostly deep elf death mage casts a spell at you.
The bolt of negative energy hits you!!
You feel drained.
You are too injured to fight recklessly!
You are too injured to fight recklessly!
Your shield and swamp dragon scales prevent you from hitting the ghostly deep elf death mage.
The ghostly deep elf death mage is moderately damaged.
The ghostly deep elf death mage hits you with a +0 long sword.
You punch the ghostly deep elf death mage!
The ghostly deep elf death mage is heavily damaged.
You block the ghostly deep elf death mage's attack.
You punch the ghostly deep elf death mage!
The ghostly deep elf death mage is heavily damaged.
You hit the ghostly deep elf death mage.
The ghostly deep elf death mage is heavily damaged.
The ghostly deep elf death mage begins to cast a spell, but is stunned by your will!
You barely miss the ghostly deep elf death mage.
The ghostly deep elf death mage is heavily damaged.
The ghostly deep elf death mage gestures at you while chanting.
The bolt of negative energy hits you!!
You feel drained.
* * * LOW HITPOINT WARNING * * *
Unknown command.
You miss the ghostly deep elf death mage.
The ghostly deep elf death mage is heavily damaged.
You redirect the ghostly deep elf death mage's attack!
The ghostly deep elf death mage hits you but does no damage.
You hit the ghostly deep elf death mage.
The ghostly deep elf death mage is heavily damaged.
The ghostly deep elf death mage gestures at you while chanting.
The bolt of negative energy hits you!!
You feel drained.
* * * LOW HITPOINT WARNING * * *
Unknown command.
You feel much better.
The ghostly deep elf death mage hits you but does no damage.
Okay, then.
Okay, then.
You hit the ghostly deep elf death mage.
The ghostly deep elf death mage is heavily damaged.
The ghostly deep elf death mage casts a spell at you.
The bolt of negative energy hits you!!!
You feel drained.
* * * LOW HITPOINT WARNING * * *
Really read
D - 6 scrolls of fear {!r}?
As you read the scroll of fear {!r}, it crumbles to dust.
You assume a fearsome visage.
The ghostly deep elf death mage is unaffected.
The ghostly deep elf death mage hits you with a +0 long sword.
You die...

#################################
.............[)...).........)....
...>............@e).......[....).
##########'######################
................^................
.................................
############.#.#####'##########..
..............................#..
.......#.####'####.#..........#..
#####.. .......#...#######..'..
....# #...#.###.......#..#).


You could see a ghostly deep elf death mage.

Vanquished Creatures
  Agnes (Spider:3)
  The ghost of Cumifues the Severer, a journeyman MiMo of Qazlal (Spider:1)
  3 ghost moths (Spider:3 Spider:4)
  7 emperor scorpions (Spider:1 Spider:3 Spider:4)
  A frost giant (Shoals:1)
  An ironheart preserver (D:13)
  5 entropy weavers (Spider:1 Lair:3 Spider:4)
  A deep elf annihilator (Elf:1)
  A red draconian (Volcano)
  An ettin (D:15)
  2 merfolk impalers (Shoals:1)
  2 fire dragons (Lair:6 D:15)
  Josephine (D:11)
  Harold (D:9)
  A rakshasa (D:14)
  3 hydras (D:13 D:15)
  2 catoblepae (Lair:4 D:15)
  6 centaur warriors (D:14 D:15)
  Erica (Orc:1)
  A satyr (shapeshifter) (D:12)
  2 ogre magi (Volcano D:15)
  4 death yaks (Lair:5)
  9 two-headed ogres (Volcano D:13 D:15)
  2 dancing weapons (Elf:1)
  A queen ant (Spider:1)
  4 tengu warriors (D:12 D:14 D:15)
  Urug (D:10)
  8 orc high priests (Orc:2)
  3 deep elf knights (Elf:1 Orc:2)
  A swamp dragon (Lair:6)
  A hell knight (D:15)
  2 unseen horrors (D:13)
  A sea snake (Shoals:1)
  3 torturous demonspawn (Orc:1 Orc:2)
  A wizard (Vaults:1)
  A deep elf archer (Elf:1)
  A necromancer (Vaults:1)
  2 harpies (Shoals:1)
  15 orb spiders (Spider:1 Lair:3 Spider:3 Spider:4)
  5 orc knights (Orc:1 Orc:2 D:13)
  16 deep elf magi (D:15 Elf:1 Orc:2)
  26 wolf spiders (Lair:3 Spider:1 Spider:2 Spider:3 Spider:4)
  4 ugly things (D:11 D:13 IceCv)
  5 orc sorcerers (Orc:2 Elf:1)
  16 cyclopes (D:11 D:12 D:13 D:14 D:15)
  A faun (Shoals:1)
  3 centaur zombies (D:10 D:14 D:15)
  5 manticores (D:15 Shoals:1)
  A moth of wrath (Spider:1)
  A rust devil (Orc:2)
  A merfolk siren (Shoals:1)
  A vault sentinel (Vaults:1)
  2 smoke demons (Orc:2)
  A gargoyle (D:13)
  6 black mambas (Lair:3 Lair:4 Lair:5 Lair:6)
  2 torpor snails (Lair:4 Spider:1)
  3 ice statues (IceCv)
  A spiny frog (shapeshifter) (D:13)
  2 molten gargoyles (Volcano)
  9 komodo dragons (Lair:1 Lair:2 Lair:6 D:14)
  A spectral sea snake (Shoals:1)
  14 spiny frogs (Lair:1 Lair:2 Lair:3 Lair:4 Lair:5)
  8 yaktaurs (D:15 Vaults:1)
  2 efreet (D:13 D:14)
  8 demonic crawlers (Spider:1 Spider:2 Spider:4)
  A spectral merfolk (Shoals:1)
  A freezing wraith (D:15)
  3 ice devils (Orc:2)
  6 rime drakes (Lair:2 Lair:5 Lair:6)
  2 tengu conjurers (D:14 D:15)
  14 jumping spiders (Spider:1 Spider:2 Spider:3 Spider:4)
  7 trolls (D:5 D:13 D:14 D:15 Orc:1)
  2 polar bears (Lair:5 Lair:6)
  5 merfolk (Shoals:1)
  Grinder (D:5)
  3 meliai (D:13)
  A wolf spider simulacrum (D:15)
  22 blink frogs (Lair:3 Lair:2 Lair:4 Lair:5 Lair:6)
  A wind drake (Shoals:1)
  2 hornets (Spider:1)
  2 snapping turtles (Shoals:1)
  2 meliai zombies (D:12 D:13)
  14 hippogriffs (D:8 D:11 Lair:2 Lair:4 Lair:5)
  An air elemental (Elf:1)
  2 water elementals (Shoals:1 Elf:1)
  59 redbacks (Spider:1 Lair:3 Spider:2 Spider:3 Spider:4)
  3 shadows (D:11 D:15)
  6 basilisks (Lair:2 Lair:3 Lair:4 Lair:6 D:14)
  4 wraiths (D:11 D:12)
  2 wyverns (Lair:4 Lair:6)
  3 hogs (D:7)
  56 yaks (D:7 Lair:1 Lair:2 Lair:3 Lair:4)
  Eustachio (D:4)
  41 tarantellas (Spider:1 Lair:3 Spider:2 Spider:3 Spider:4)
  2 fire bats (Volcano)
  A human (D:7)
  An alligator snapping turtle simulacrum (Shoals:1)
  Menkaure (D:7)
  2 wargs (Orc:2 Orc:1)
  23 soldier ants (D:14 Spider:1 Lair:3)
  Edmund (D:5)
  4 acid dragons (Lair:6 D:15)
  16 water moccasins (D:10 Lair:1 Lair:2 Lair:3 Lair:4)
  10 porcupines (Lair:1 Lair:2 Lair:3 Lair:4 Lair:5)
  A spectral snapping turtle (Shoals:1)
  2 swamp drakes (Lair:6)
  10 ice beasts (D:5 D:3 D:8 D:11 IceCv)
  38 orc warriors (Bailey D:12 D:14 Orc:1 Orc:2)
  A necrophage (D:5)
  3 phantoms (D:7 D:12 D:13)
  An eye of draining (D:13)
  16 ogres (D:3 D:4 D:10 D:12 D:14)
  17 centaurs (D:2 D:7 D:8 D:10 Lair:4)
  12 crocodiles (Lair:1 Lair:2 Lair:5 Lair:6)
  A wind drake simulacrum (Shoals:1)
  10 bullfrogs (D:8 D:9 Lair:1 Lair:3 Lair:4)
  Blork the orc (D:4)
  2 gnoll sergeants (D:9 D:10)
  4 scorpions (D:4 D:7 D:8 D:11)
  A wyvern skeleton (D:14)
  A manticore simulacrum (Shoals:1)
  5 killer bees (D:8 D:11)
  6 wights (D:9 D:15)
  2 howler monkeys (D:7 D:14)
  6 electric eels (Lair:5 Spider:1 Spider:2 Spider:3)
  2 bullfrog zombies (D:6 D:5)
  6 lava snakes (Volcano)
  7 crimson imps (D:4 D:8 D:10 D:12 D:13)
  22 orc priests (D:5 D:4 D:7 D:12 Orc:1)
  12 orc wizards (D:5 D:7 D:12 Orc:1 Orc:2)
  10 jellies (D:10 Lair:5)
  A gnoll shaman (Orc:1)
  4 hounds (D:6 D:11 D:12 D:14)
  8 centaur skeletons (D:8 D:10 D:11 D:13 D:15)
  A bullfrog skeleton (D:4)
  8 iguanas (D:6 D:7 D:8 D:11 Lair:6)
  22 worker ants (D:5 D:4 D:8 D:10 D:11)
  A hound zombie (D:5)
  3 mummies (Ossuary)
  Robin (D:1)
  A worker ant zombie (D:6)
  22 gnolls (D:8 D:9 D:10 Bailey Orc:1)
  12 adders (D:2 D:3 D:6 D:5 D:4)
  6 shadow imps (D:6 D:8 D:9 D:11 D:12)
  2 oozes (Lair:5)
  2 adder zombies (Ossuary)
  2 adder skeletons (D:6 D:8)
  2 worms (D:2 D:4)
  3 dart slugs (D:1 D:3)
  2 leopard geckos (D:5 D:4)
  71 orcs (D:3 D:5 D:4 D:7 D:8)
  5 giant cockroaches (D:3 D:5 D:4)
  20 goblins (D:1 D:2 D:3 Bailey)
  10 hobgoblins (D:1 D:2 D:3 Bailey)
  6 quokkas (D:2 D:3 D:6 D:8 D:10)
  3 ball pythons (D:1 D:4)
  7 bats (D:1 D:2 D:3)
  4 frilled lizards (D:1 D:2 D:3)
  2 gnoll zombies (Ossuary)
  A goblin zombie (Ossuary)
  2 hobgoblin zombies (Ossuary)
  17 kobolds (D:1 D:2 D:3 Bailey)
  3 kobold zombies (Ossuary)
  2 leopard gecko skeletons (D:5 D:4)
  4 quokka zombies (Ossuary D:5)
  4 rats (D:1 D:2)
  5 rat zombies (Ossuary)
  6 fungi (Lair:3 Lair:5)
  24 plants (Lair:3 Lair:6 Shoals:1)
1074 creatures vanquished.

Vanquished Creatures (others)
  A two-headed ogre (Volcano)
  A dancing weapon (Elf:1)
  A deep elf knight (Vaults:1)
  A wolf spider (Lair:3)
  A harpy (Shoals:1)
  A spiny frog (Lair:6)
  A yaktaur (Vaults:1)
  A tengu conjurer (D:15)
  A merfolk (Shoals:1)
  A hornet (Vaults:1)
  An air elemental (Elf:1)
  4 redbacks (Lair:3 Spider:4)
  4 tarantellas (Spider:3 Spider:4)
  A basilisk (D:13)
  2 orc warriors (D:11 Orc:2)
  A sky beast (D:15)
  A centaur (D:7)
  A crocodile (Lair:4)
  A jelly (Lair:5)
  An orc priest (Orc:2)
  4 orcs (Orc:1 Vaults:1)
  2 kobolds (Bailey)
  11 fungi (Lair:1 Lair:2 Lair:5 Lair:6)
  12 plants (Lair:2 Lair:4 Lair:6 Shoals:1)
56 creatures vanquished.

Grand Total: 1130 creatures vanquished

Notes
Turn   | Place    | Note
-------+----------+-------------------------------------------
     0 | D:1      | Monsterracer the Vampire Arcane Marksman began the quest
                  | for the Orb.
     0 | D:1      | Reached XP level 1. HP: 14/14 MP: 2/2
    87 | D:1      | Reached skill level 1 in Unarmed Combat
   245 | D:1      | Reached XP level 2. HP: 20/20 MP: 3/3
   247 | D:1      | Reached skill level 2 in Unarmed Combat
   919 | D:2      | Noticed a centaur
   986 | D:2      | Reached skill level 3 in Unarmed Combat
   986 | D:2      | Reached XP level 3. HP: 21/25 MP: 4/4
  1037 | D:2      | Noticed Robin
  1246 | D:1      | Killed Robin
  1307 | D:2      | HP: 12/25 [poisoned by an adder]
  1310 | D:2      | Reached skill level 4 in Unarmed Combat
  1313 | D:2      | HP: 12/25 [poisoned by an adder]
  1321 | D:2      | HP: 12/25 [poisoned by an adder]
  1389 | D:2      | Reached XP level 4. HP: 31/31 MP: 5/5
  1445 | D:2      | Killed a centaur
  1445 | D:2      | Reached skill level 5 in Unarmed Combat
  1445 | D:2      | Reached XP level 5. HP: 28/36 MP: 6/6
  1482 | D:2      | Noticed a +0 dagger
  1482 | D:2      | Noticed a +0 dagger
  1485 | D:2      | Found a hide-covered altar of Uskayaw.
  1800 | D:2      | Reached skill level 1 in Fighting
  1993 | D:3      | Noticed an ogre
  1997 | D:3      | Killed an ogre
  1997 | D:3      | Reached skill level 1 in Stealth
  2035 | D:3      | Found a shimmering altar of Xom.
  2035 | D:3      | Found a shimmering altar of Xom.
  2124 | D:3      | Reached XP level 6. HP: 40/43 MP: 7/7
  2149 | D:3      | You fall into a shaft and drop 3 floors!
  2264 | D:6      | Reached skill level 6 in Unarmed Combat
  2370 | D:6      | HP: 21/44 [shadow imp/nerve-wracking pain (14)]
  2447 | D:6      | Found a staircase to the Ecumenical Temple.
  2485 | Temple   | Entered the Ecumenical Temple
  2589 | Temple   | Became a worshipper of Ru the Awakened
  2686 | D:5      | Entered Level 5 of the Dungeon
  2740 | D:5      | Noticed an ice beast
  2753 | D:5      | Killed an ice beast
  2753 | D:5      | Reached XP level 7. HP: 31/49 MP: 8/8
  2755 | D:5      | Noticed Edmund
  2807 | D:5      | Found a sand-covered staircase.
  2811 | Ossuary  | Entered an ossuary
  2853 | Ossuary  | HP: 24/50 [mummy (3)]
  2857 | Ossuary  | HP: 11/50 [mummy (13)]
  3204 | D:5      | Killed Edmund
  3204 | D:5      | Reached skill level 7 in Unarmed Combat
  3266 | D:5      | Noticed a troll
  3279 | D:5      | Killed a troll
  3279 | D:5      | Reached skill level 5 in Stealth
  3279 | D:5      | Reached XP level 8. HP: 57/57 MP: 9/9
  3326 | D:5      | Found Quruv's Weapon Emporium.
  3336 | D:5      | Noticed Grinder
  3341 | D:5      | Paralysed by Grinder for 5 turns
  3346 | D:5      | HP: 28/57 [Grinder (7)]
  3353 | D:5      | Killed Grinder
  3353 | D:5      | Reached skill level 8 in Unarmed Combat
  3484 | D:5      | Found an iron altar of Okawaru.
  3849 | D:5      | Gained mutation: You are somewhat inexperienced. (-2 XL)
                  | [Ru sacrifice]
  3849 | D:5      | Reached XP level 7. HP: 51/51 MP: 8/8
  3849 | D:5      | Reached XP level 6. HP: 46/46 MP: 7/7
  3849 | D:5      | Reached * piety under Ru
  3849 | D:5      | Reached ** piety under Ru
  3880 | D:5      | Noticed Prince Ribbit
  3891 | D:5      | HP: 22/46 [Prince Ribbit (11)]
  3910 | D:5      | HP: 17/46 [Prince Ribbit (11)]
  3923 | D:5      | HP: 7/46 [Prince Ribbit (15)]
  3929 | D:5      | HP: 19/46 [fell downstairs (1)]
  4076 | D:4      | Reached skill level 5 in Dodging
  4106 | D:4      | Noticed Eustachio
  4203 | D:4      | Killed Eustachio
  4203 | D:4      | Reached XP level 7. HP: 47/53 MP: 8/8
  4287 | D:4      | Noticed Blork the orc
  4322 | D:4      | Killed Blork the orc
  4322 | D:4      | Reached skill level 9 in Unarmed Combat
  4650 | D:4      | Found a shattered altar of Ashenzari.
  4665 | D:4      | Found a basalt altar of Yredelemnul.
  4955 | D:3      | Found a stormy altar of Qazlal.
  4981 | D:3      | Found a shimmering altar of Xom.
  4982 | D:3      | Found a shimmering altar of Xom.
  5389 | D:6      | Reached skill level 1 in Evocations
  5592 | D:7      | Reached XP level 8. HP: 59/60 MP: 9/9
  5712 | D:7      | Noticed Menkaure
  5719 | D:7      | Killed Menkaure
  6247 | D:7      | Gained mutation: You cannot study or use magical devices.
                  | [Ru sacrifice]
  6247 | D:7      | Reached *** piety under Ru
  6247 | D:7      | Reached **** piety under Ru
  6247 | D:7      | Reached ***** piety under Ru
  6301 | D:7      | Reached skill level 10 in Unarmed Combat
  6307 | D:7      | Reached skill level 5 in Fighting
  6316 | D:7      | Reached XP level 9. HP: 53/68 MP: 10/10
  6787 | D:8      | Found a shadowy altar of Dithmenos.
  6787 | D:8      | Found an ornate altar of the Wu Jian Council.
  6788 | D:8      | Found an ancient bone altar of Kikubaaqudgha.
  6789 | D:8      | Found a glowing golden altar of the Shining One.
  6789 | D:8      | Found a shimmering blue altar of Sif Muna.
  6886 | D:8      | Reached skill level 1 in Shields
  7049 | D:8      | Learned a level 1 spell: Apportation
  7051 | D:8      | Learned a level 1 spell: Summon Butterflies
  7058 | D:8      | Learned a level 6 spell: Invisibility
  7367 | D:8      | Reached skill level 11 in Unarmed Combat
  8244 | D:9      | Noticed Harold
  8273 | D:9      | Killed Harold
  8273 | D:9      | Reached XP level 10. HP: 74/76 MP: 11/11
  8369 | D:9      | Found a white marble altar of Elyvilon.
  8451 | D:10     | Entered Level 10 of the Dungeon
  8658 | D:10     | Reached skill level 1 in Armour
  8716 | D:10     | Noticed Urug
  8741 | D:10     | HP: 37/76 [poisoned by a gnoll sergeant]
  8746 | D:10     | HP: 32/76 [poisoned by a gnoll sergeant]
  8751 | D:10     | HP: 30/76 [poisoned by a gnoll sergeant]
  8753 | D:10     | Killed Urug
  8753 | D:10     | Reached skill level 12 in Unarmed Combat
  8757 | D:10     | HP: 29/77 [poisoned by a gnoll sergeant]
  8764 | D:10     | HP: 29/77 [poisoned by a gnoll sergeant]
  8771 | D:10     | HP: 30/77 [poisoned by a gnoll sergeant]
  8779 | D:10     | HP: 31/77 [poisoned by a gnoll sergeant]
  9503 | D:11     | Found a flagged portal.
  9532 | Bailey   | Entered a bailey
  9997 | D:11     | Found Plog's Weapon Shop.
 10001 | D:11     | Found a staircase to the Lair.
 10072 | D:11     | Noticed a cyclops
 10084 | D:11     | Killed a cyclops
 10354 | D:11     | Reached XP level 11. HP: 76/83 MP: 12/12
 10405 | D:11     | Identified a scroll of acquirement
 10502 | D:11     | Noticed a red ugly thing
 10516 | D:11     | HP: 34/83 [red ugly thing (15)]
 10519 | D:11     | Killed a red ugly thing
 10740 | Lair:1   | Entered Level 1 of the Lair of Beasts
 10875 | Lair:1   | Reached skill level 5 in Shields
 10882 | Lair:1   | Learned a level 3 spell: Regeneration
 11621 | Lair:1   | Reached skill level 13 in Unarmed Combat
 12094 | Lair:2   | Noticed an oklob plant
 12326 | Lair:2   | Got a slimy flail
 12382 | Lair:2   | Identified the +3 flail of Resumed Hostilities {venom,
                  | Int+4 Dex+3} (You found it on level 2 of the Lair of
                  | Beasts)
 12745 | Lair:2   | Noticed an oklob plant
 12746 | Lair:2   | Noticed an oklob plant
 12816 | Lair:3   | Reached skill level 1 in Summonings
 13047 | Lair:3   | Found a hole to the Spider Nest.
 13047 | Lair:3   | Noticed a wolf spider
 13060 | Lair:3   | Reached XP level 12. HP: 92/92 MP: 13/13
 13657 | Lair:3   | Gained mutation: You are weak. (Str -2) [Ru sacrifice]
 13800 | Lair:4   | Reached skill level 14 in Unarmed Combat
 13829 | Lair:4   | Found a staircase to the Shoals.
 13967 | Lair:4   | Reached skill level 10 in Dodging
 14269 | Lair:4   | Found a dark tunnel.
 14276 | Volcano  | Entered a volcano
 14441 | Volcano  | HP: 37/93 [something (23)]
 14748 | Volcano  | Found a burning altar of Makhleb.
 14748 | Volcano  | Noticed a two-headed ogre
 14748 | Volcano  | Noticed an ogre mage
 14748 | Volcano  | Noticed a two-headed ogre
 14748 | Volcano  | Noticed a two-headed ogre
 14757 | Volcano  | Killed a two-headed ogre
 14757 | Volcano  | Reached skill level 5 in Armour
 14763 | Volcano  | Killed a two-headed ogre
 14769 | Volcano  | Killed an ogre mage
 14770 | Volcano  | HP: 46/94 [two-headed ogre/cursed +0 giant club (9)]
 14772 | Volcano  | Killed a two-headed ogre
 14774 | Volcano  | Noticed a red draconian
 14851 | Volcano  | HP: 44/94 [red draconian/+1 scimitar of flaming (6)]
 14857 | Volcano  | HP: 18/94 [red draconian/searing blast (26)]
 14858 | Volcano  | Killed a red draconian
 15033 | Volcano  | Noticed a two-headed ogre
 15075 | Volcano  | HP: 36/94 [molten gargoyle/bolt of magma (24)]
 15347 | Volcano  | Killed a two-headed ogre
 15479 | Lair:4   | Reached XP level 13. HP: 95/99 MP: 14/14
 16419 | Lair:5   | Reached skill level 15 in Unarmed Combat
 16558 | Lair:5   | Reached skill level 5 in Summonings
 16765 | Lair:5   | Found a staircase to the Slime Pits.
 16981 | Lair:6   | Entered Level 6 of the Lair of Beasts
 18218 | Lair:6   | Reached XP level 14. HP: 108/108 MP: 16/18
 18827 | D:12     | Noticed Josephine
 18872 | D:12     | Found Qeotior's Weapon Shop.
 18872 | D:12     | Found a staircase to the Orcish Mines.
 18885 | D:11     | Killed Josephine
 19624 | D:13     | HP: 50/108 [meliai/divine providence (12)]
 20111 | D:13     | Reached skill level 16 in Unarmed Combat
 20474 | D:13     | Gained mutation: You cannot be stealthy. [Ru sacrifice]
 20500 | D:13     | Noticed an ironheart preserver
 20501 | D:13     | Found a gate to the Vaults.
 20594 | D:13     | Killed an ironheart preserver
 21480 | D:14     | Found an ornate altar of the Wu Jian Council.
 21546 | D:14     | Learned a level 4 spell: Summon Ice Beast
 21552 | D:14     | Learned a level 5 spell: Summon Mana Viper
 21777 | D:15     | Entered Level 15 of the Dungeon
 21978 | D:15     | Reached skill level 10 in Fighting
 22005 | D:15     | Reached skill level 5 in Hexes
 22017 | D:15     | HP: 37/110 [yaktaur/bolt (24)]
 22022 | D:15     | HP: 34/110 [yaktaur (4)]
 22339 | D:15     | Reached XP level 15. HP: 107/115 MP: 22/22
 22360 | D:15     | Gained mutation: You occasionally shout uncontrollably at
                  | your foes. [Ru sacrifice]
 22816 | D:15     | Found a staircase to the Depths.
 22901 | D:15     | Reached skill level 5 in Spellcasting
 23278 | Spider:1 | Entered Level 1 of the Spider Nest
 23432 | Lair:3   | HP: 56/115 [poisoned by a redback]
 23437 | Lair:3   | HP: 44/115 [poisoned by a redback]
 23442 | Lair:3   | HP: 37/115 [poisoned by a redback]
 23447 | Lair:3   | HP: 32/115 [poisoned by a redback]
 23452 | Lair:3   | HP: 30/115 [poisoned by a redback]
 23457 | Lair:3   | HP: 29/115 [poisoned by a redback]
 23462 | Lair:3   | HP: 28/115 [poisoned by a redback]
 23468 | Lair:3   | HP: 29/115 [poisoned by a redback]
 23476 | Lair:3   | HP: 31/115 [poisoned by a redback]
 23770 | Spider:1 | HP: 37/115 [disintegration (52)]
 23776 | Lair:3   | HP: 19/115 [disintegration (40)]
 24099 | Spider:1 | Found a transporter.
 24294 | Spider:1 | Found a transporter.
 24316 | Spider:1 | Noticed Cumifues's ghost (journeyman MiMo)
 24494 | Spider:1 | Reached skill level 17 in Unarmed Combat
 25029 | Spider:1 | HP: 51/105 [emperor scorpion (5)]
 25036 | Spider:1 | HP: 40/105 [emperor scorpion (5)]
 25244 | Spider:1 | Killed Cumifues's ghost
 25519 | Orc:1    | Entered Level 1 of the Orcish Mines
 25784 | Orc:2    | Entered Level 2 of the Orcish Mines
 25991 | Orc:2    | Found a staircase to the Elven Halls.
 26049 | Orc:2    | Found a frozen archway.
 26114 | IceCv    | Entered an ice cave
 26423 | IceCv    | HP: 50/117 [white ugly thing (17)]
 26425 | IceCv    | Found the +3 Elemental Staff {rElec rF++ rC++ MR++ AC+5}
 26433 | IceCv    | Got a transparent hand axe
 26560 | IceCv    | Identified the cursed +2 hand axe of Honesty {drain, +Blink
                  | Int+3} (You found it in an ice cave)
 26646 | Orc:2    | Found Wyen's Magic Scroll Shoppe.
 26647 | Orc:2    | Found Cahabboe's Distillery.
 27219 | Orc:2    | Bought a potion of heal wounds for 70 gold pieces
 27221 | Orc:2    | Bought a scroll of blinking for 135 gold pieces
 27221 | Orc:2    | Bought a scroll of blinking for 135 gold pieces
 27221 | Orc:2    | Bought a scroll of blinking for 135 gold pieces
 27288 | Orc:2    | HP: 54/117 [orc knight/+0 great sword (15)]
 27304 | Orc:2    | HP: 47/117 [orc knight/+0 great sword (14)]
 27574 | Orc:2    | Reached XP level 16. HP: 115/124 MP: 24/24
 27808 | Orc:1    | Noticed Erica
 27816 | Orc:1    | Killed Erica
 28747 | Orc:2    | Paralysed by an orc sorcerer for 2 turns
 28780 | Orc:1    | HP: 61/124 [torturous demonspawn/+0 great sword (17)]
 28785 | Orc:1    | HP: 43/124 [torturous demonspawn/+0 great sword (10)]
 29051 | Orc:2    | Found Boemer's Antique Armour Boutique.
 29051 | Orc:2    | Found a one-way gate leading to the halls of Pandemonium.
 29051 | Orc:2    | Found Nyocvux's Gadget Shop.
 29131 | Orc:2    | Bought a scroll of fear for 63 gold pieces
 29131 | Orc:2    | Bought a scroll of fog for 36 gold pieces
 29133 | Orc:2    | Bought a potion of haste for 140 gold pieces
 29133 | Orc:2    | Bought 2 potions of resistance for 280 gold pieces
 29133 | Orc:2    | Bought a potion of lignification for 42 gold pieces
 29133 | Orc:2    | Bought a potion of lignification for 42 gold pieces
 29133 | Orc:2    | Bought a potion of berserk rage for 70 gold pieces
 29133 | Orc:2    | Bought a potion of curing for 42 gold pieces
 29133 | Orc:2    | Bought a potion of curing for 42 gold pieces
 29162 | Orc:2    | Bought a dazzling ring mail for 351 gold pieces
 29162 | Orc:2    | Bought a translucent chain mail for 370 gold pieces
 29162 | Orc:2    | Identified the cursed +0 ring mail of the True Pharaoh
                  | {Stlth+} (You bought it in a shop on level 2 of the Orcish
                  | Mines)
 29163 | Orc:2    | Identified the +4 chain mail "Vuat" {rF- rCorr Int-5 Dex+8}
                  | (You bought it in a shop on level 2 of the Orcish Mines)
 29829 | Spider:2 | Got a blackened lajatang
 29830 | Spider:2 | Identified the +9 lajatang of Fimbulwinter {speed, rN+
                  | Int+8 Stlth-} (You found it on level 2 of the Spider Nest)
 29909 | Spider:2 | HP: 55/124 [wolf spider (10)]
 29915 | Spider:2 | HP: 55/124 [poisoned by a wolf spider]
 29922 | Spider:2 | HP: 57/124 [poisoned by a wolf spider]
 29930 | Spider:2 | HP: 59/124 [poisoned by a wolf spider]
 31509 | Spider:3 | Reached skill level 10 in Shields
 31805 | Spider:4 | Entered Level 4 of the Spider Nest
 32161 | Spider:3 | Gained mutation: You are very weak. (Str -4) [Ru sacrifice]
 32175 | Spider:3 | HP: 59/125 [emperor scorpion (5)]
 32181 | Spider:3 | HP: 50/125 [emperor scorpion (11)]
 32191 | Spider:3 | HP: 37/125 [emperor scorpion (9)]
 32431 | Spider:4 | Reached skill level 18 in Unarmed Combat
 32537 | Spider:4 | Noticed Agnes
 32564 | Spider:3 | Killed Agnes
 32571 | Spider:3 | HP: 62/125 [poisoned by a redback]
 32576 | Spider:3 | HP: 57/125 [poisoned by a redback]
 32581 | Spider:3 | HP: 53/125 [poisoned by a redback]
 32586 | Spider:3 | HP: 52/125 [poisoned by a redback]
 32591 | Spider:3 | HP: 51/125 [poisoned by a redback]
 32596 | Spider:3 | HP: 52/125 [poisoned by a redback]
 32603 | Spider:3 | HP: 53/125 [poisoned by a redback]
 32611 | Spider:3 | HP: 55/125 [poisoned by a redback]
 33514 | Spider:4 | Reached XP level 17. HP: 131/131 MP: 27/27
 33967 | Spider:4 | Got a gossamer rune of Zot
 34105 | Shoals:1 | Entered Level 1 of the Shoals
 34105 | Shoals:1 | Found Boetasch's Jewellery Shop.
 34295 | Shoals:1 | Learned a level 1 spell: Confusing Touch
 34687 | Shoals:1 | HP: 57/131 [merfolk impaler/+1 antimagic trident (16)]
 34723 | Shoals:1 | HP: 62/131 [merfolk/+0 glaive (12)]
 34915 | Shoals:1 | Reached skill level 10 in Hexes
 34927 | Shoals:1 | Found a runed translucent gate.
 34928 | Shoals:1 | Found a runed translucent gate.
 34929 | Shoals:1 | Found a runed translucent gate.
 34931 | Shoals:1 | Noticed Kaerusk's ghost (adept KoBe)
 34982 | Shoals:1 | Gained mutation: You are missing an eye, making it more
                  | difficult to aim. [Ru sacrifice]
 34982 | Shoals:1 | Reached ****** piety under Ru
 35426 | Shoals:1 | HP: 46/131 [frost giant/bolt of cold (54)]
 35740 | Shoals:1 | HP: 59/131 [merfolk impaler simulacrum (8)]
 35742 | Shoals:1 | HP: 25/131 [merfolk aquamancer simulacrum (20)]
 35742 | Shoals:1 | HP: 10/131 [Kaerusk's ghost (4)]
 36016 | Lair:4   | HP: 51/131 [Kaerusk's ghost (24)]
 36229 | Vaults:1 | Entered Level 1 of the Vaults
 36502 | Vaults:1 | HP: 65/131 [yaktaur (4)]
 36507 | Vaults:1 | HP: 55/131 [yaktaur (3)]
 36901 | Vaults:1 | HP: 61/131 [vault warden/+1 long sword of freezing (7)]
 36907 | Vaults:1 | HP: 41/131 [ironheart preserver/+0 dire flail (22)]
 37194 | Elf:1    | Entered Level 1 of the Elven Halls
 37372 | Elf:1    | HP: 65/131 [+2 trident of flaming (5)]
 37962 | Elf:1    | Identified Weugreol's Catalogue of Confrontation
 37965 | Elf:1    | Got a heavily runed chain mail
 37966 | Elf:1    | Identified the cursed +1 chain mail of the Elephant
                  | {Regen+} (You found it on level 1 of the Elven Halls)
 38024 | Elf:1    | HP: 57/131 [soul eater[a deep elf mage] (11)]
 38037 | Elf:1    | HP: 50/131 [jumping spider[a deep elf mage] (9)]
 38052 | Elf:1    | HP: 31/131 [deep elf mage/bolt of negative energy (26)]
 38053 | Elf:1    | HP: 12/131 [something/ball of steam[a deep elf mage] (15)]
 38157 | Elf:1    | Found Zemaenna's Antique Weapon Emporium.
 39303 | Elf:1    | Found Pufren Gywo's Distillery.
 39349 | Elf:1    | Bought a potion of heal wounds for 80 gold pieces
 39349 | Elf:1    | Bought a potion of haste for 160 gold pieces
 39664 | Elf:1    | HP: 55/131 [ghostly deep elf death mage/bolt of negative
                  | energy (28)]
 39666 | Elf:1    | HP: 22/131 [ghostly deep elf death mage/bolt of negative
                  | energy (35)]
 39668 | Elf:1    | HP: 1/131 [ghostly deep elf death mage/bolt of negative
                  | energy (41)]
 39669 | Elf:1    | Slain by a ghostly deep elf death mage

Levels and vault maps discovered:
D:1:      matt_arrival_los_fun, layout_loops_corners
D:2:      layout_basic, dancing_weapons_uskayaw, serial_forest,
          infiniplex_forest_lined_3, infiniplex_forest_clump_small,
          infiniplex_forest_side_room, infiniplex_forest_end_3,
          infiniplex_forest_clump_curved, infiniplex_forest_clump_double,
          infiniplex_forest_end_2, infiniplex_forest_clump_medium,
          minmay_hexomino_f4, uniq_robin
D:3:      layout_basic, nicolae_qazlal_eye_of_the_storm, chequers_big_river,
          xom_redecorated
D:4:      layout_basic, nicolae_ashenzari_panopticon, yredelemnul_altar_generic,
          first_ration, uniq_eustachio, uniq_blork_the_orc
D:5:      layout_gridville, lemuel_round_altar, serial_shops, shop_coins,
          nicolae_ossuary_entry_plus, hangedman_decor_riveting,
          uniq_prince_ribbit1, uniq_grinder, uniq_edmund, uniq_pikel
D:6:      layout_cave_pools, minmay_temple_entry_purple_smoke
D:7:      lemuel_ice_spiral_2, layout_basic, grunt_livestock, uniq_menkaure
D:8:      layout_basic, grunt_temple_overflow_open, chequers_jeans
D:9:      layout_basic, lemuel_crystal_altar, uniq_harold
D:10:     layout_layer_cave, uniq_urug
D:11:     layout_loops_ring, lair_entry_dummy, enter_bailey_2, serial_shops,
          shop, minmay_joined_circles
D:12:     layout_basic, orc_david_3, uniq_josephine
D:13:     layout_irregular_city, skrybe_vaults_entry_preservation
D:14:     layout_irregular_city, basic_altar, minmay_between
D:15:     hangedman_depths_entry_civil_slaughter, layout_basic,
          minmay_misc_feat_doors
Temple:   jpeg_temple_clearing
Lair:1:   layout_loops_ring, beast_lair_carwin_11
Lair:2:   layout_gridlike, minmay_lair_oklob_chamber, grunt_megastairs_4
Lair:3:   layout_regular_city, spider_nest_entry_rubble
Lair:4:   layout_gridlike, minmay_shoals_entry_centaurs,
          nicolae_volcano_entry_hallway
Lair:5:   layout_long_grid, minmay_slime_entry_jelly_boxes, grunt_megastairs_1,
          serial_bayou_shore_a, infiniplex_staircase_pool_2
Lair:6:   guppyfry_lair_end_dragon, layout_gridlike, grunt_megastairs_3
Shoals:1: layout_shoals, serial_shops, shop, gammafunk_ghost_necromancy,
          st_shoals_ruin
Spider:1: layout_spider_delve, gammafunk_ghost_arena, zaba_antful_of_joy
Spider:2: layout_spider_delve, nicolae_spider_shape
Spider:3: layout_spider_delve
Spider:4: grunt_spider_rune_circles, nicolae_orb_stairs, uniq_agnes
Orc:1:    layout_caves, uniq_erica
Orc:2:    pf_orc_diabolical, layout_caves, portal_ice_cave_demonic_guard
Elf:1:    layout_onion_city, serial_shops, nicolae_shop_window_shopping, shop,
          shop, minmay_elf_annihilation
Vaults:1: vaults_room_stairs_pillars, hangedman_vaults_corner,
          ontoclasm_vaults_misaligned, st_squares, vaults_dpeg_doors,
          nicolae_vaults_big_ls, hangedman_vaults_stagger,
          nicolae_vaults_triangles, vaults_dpeg_encased_lava,
          hangedman_vaults_maws, ontoclasm_vaults_idyll, ontoclasm_vaults_fault,
          v_misc_31, layout_vaults_maze

Skill      XL: |  1  2  3  4  5  6  7  8  9 10 11 12 13 14 15 16 17 |
---------------+----------------------------------------------------+-----
Unarmed Combat | 1 3 4 5 6 9 10 11 12 13 14 15 16 17 18 | 18.5
Fighting       | 1 4 3 5 6 7 8 9 10 11 | 11.4
Stealth        | 2 3 5 0 |  0.0
Dodging        | 5 4 6 7 8 9 10 11 12 13 | 13.5
Evocations     | 1 0 |  0.0
Shields        | 3 4 5 6 7 8 9 10 | 10.6
Armour         | 2 4 5 6 7 8 9 |  9.1
Summonings     | 1 4 5 6 7 8 |  8.5
Spellcasting   | 2 4 5 7 |  7.6
Hexes          | 5 7 9 10 | 10.5
Throwing       | |  1.5

Action                   |  1- 3 |  4- 6 |  7- 9 | 10-12 | 13-15 | 16-18 || total
-------------------------+-------+-------+-------+-------+-------+-------++-------
Melee: Unarmed           |   136 |   212 |   488 |   832 |  1951 |  1655 ||  5274
       Bite              |     8 |    11 |    69 |   146 |   288 |   211 ||   733
       Punch             |     3 |     6 |    14 |       |       |       ||    23
Throw: Javelin           |    15 |    15 |     7 |       |       |       ||    37
       Dart              |     2 |     2 |     3 |       |       |       ||     7
       Throwing net      |       |       |     2 |       |       |       ||     2
 Cast: Confusing Touch   |       |       |       |       |       |     2 ||     2
Invok: Sacrifice Experie |       |     1 |       |       |       |       ||     1
       Sacrifice Artific |       |       |     1 |       |       |       ||     1
       Apocalypse        |       |       |       |     4 |     5 |     5 ||    14
       Reject Sacrifices |       |       |       |     1 |     2 |       ||     3
       Power Leap        |       |       |       |     3 |    10 |    34 ||    47
       Sacrifice Purity  |       |       |       |     1 |     1 |     1 ||     3
       Sacrifice Stealth |       |       |       |       |     1 |       ||     1
       Draw Out Power    |       |       |       |       |     2 |     2 ||     4
       Sacrifice an Eye  |       |       |       |       |       |     1 ||     1
 Abil: Exsanguinate      |       |       |       |     1 |     1 |       ||     2
       Revivify          |       |       |       |       |     1 |       ||     1
  Use: Scroll            |       |     7 |    16 |     9 |    10 |     8 ||    50
       Potion            |       |     1 |     4 |       |     1 |     2 ||     8
 Stab: Sleeping          |     1 |       |    12 |     5 |     2 |       ||    20
       Distracted        |       |     1 |     2 |     6 |    16 |    13 ||    38
       Invisible         |       |       |     5 |     3 |    12 |    23 ||    43
       Paralysed         |       |       |       |     5 |    14 |     9 ||    28
       Held in net/web   |       |       |       |     1 |       |       ||     1
Armor: Robe              |    11 |       |       |       |       |       ||    11
       Ring mail         |    40 |    74 |   111 |       |    49 |   324 ||   598
       Skin              |       |       |     6 |       |       |       ||     6
       Scale mail        |       |       |       |    70 |       |       ||    70
       Swamp dragon scal |       |       |       |    46 |   262 |    71 ||   379
Dodge: Dodged            |   111 |   147 |   253 |   450 |  1115 |  1177 ||  3253
Block: Shield            |       |       |    69 |   349 |   852 |   776 ||  2046
